 Dungeon Crawl Stone Soup version 0.30-a0-591-g3c58d2bc28 (webtiles) character file.

Game seed: 5618678400291613322

138 Leeroy the Slasher (level 5, -1/30 HPs)
             Began as a Tengu Reaver on Jan 4, 2023.
             Slain by a gnoll
             ... wielding a +0 flail
             ... led by a gnoll bouda
              (6 damage)
             ... on level 4 of the Dungeon.
             The game lasted 00:08:15 (2831 turns).

Leeroy the Slasher (Tengu Reaver)                   Turns: 2831, Time: 00:08:16

Health: -1/30      AC:  5    Str: 12    XL:     5   Next: 21%
Magic:  10/10      EV: 14    Int: 15    God:
Gold:   208        SH:  0    Dex: 13    Spells: 4/10 levels left

rFire   x . .      SeeInvis .    a - +0 falchion
rCold   + . .      Faith    .    (no shield)
rNeg    . . .      Spirit   .    b - +0 leather armour
rPois   .          Reflect  .    (helmet restricted)
rElec   .          Harm     .    f - +0 cloak
rCorr   .          Rampage  .    k - +0 pair of gloves
Will    .....                    (boots unavailable)
Stlth   +                        (no amulet)
HPRegen 0.25/turn                p - ring of ice
MPRegen 0.12/turn                (no ring)

@: flying quickly and evasively, quick
A: beak, talons 3, nimble flight
a: no special abilities


You were on level 4 of the Dungeon.
You visited 1 branch of the dungeon, and saw 4 of its levels.

You collected 208 gold pieces.

Inventory:

Hand Weapons
 a - a +0 falchion (weapon)
 l - a +0 eveningstar
Armour
 b - a +0 leather armour (worn)
 f - a +0 cloak (worn)
 k - a +0 pair of gloves (worn)
 r - the +1 leather armour "Vastroixi" {rN+ Will+ Str-4 Dex+8}
   (You found it on level 3 of the Dungeon)

   Str:       It affects your strength (-4).
   Dex:       It affects your dexterity (+8).
   rN:        It protects you from negative energy.
   Will:      It increases your willpower.
Magical Staves
 q - a staff of cold
Jewellery
 p - a ring of ice (left hand)
Scrolls
 c - a scroll of blinking {unknown}
 e - 2 scrolls of identify
 g - a scroll of teleportation {unknown}
 h - a scroll of magic mapping {unknown}
 i - a scroll of acquirement {unknown}
 n - a scroll of amnesia {unknown}
 o - a scroll of noise {unknown}
 s - a scroll of torment {unknown}
Potions
 d - a potion of brilliance {unknown}
 j - a potion of mutation {unknown}
 m - 2 potions of magic
 t - a potion of flight {unknown}


   Skills:
 - Level 2.0 Fighting
 - Level 5.1 Long Blades
 - Level 3.1 Dodging
 + Level 3.0 Spellcasting
 - Level 4.0 Conjurations


You had 4 spell levels left.
You knew the following spells:

 Your Spells              Type           Power      Damage    Failure   Level
a - Kiss of Death         Conj/Necr      32%        2d7       11%         1
b - Momentum Strike       Conj/Tloc      16%        3d8       17%         2
c - Hailstorm             Conj/Ice       12%        3d5       32%         3

Your spell library contained the following spells:

 Spells                   Type           Power      Damage    Failure   Level
 Summon Guardian Golem    Hex/Summ       2%         N/A       58%         3
 Orb of Destruction       Conj           7%         9d6       100%        7
 Spellforged Servitor     Conj/Summ      4%         N/A       100%        7


Dungeon Overview and Level Annotations

Branches:
Dungeon (4/15)
 Temple: D:4-7

Altars:
Sif Muna


Innate Abilities, Weirdness & Mutations

You have a beak for a mouth.
You have claws for feet.
Your magical nature lets you fly swiftly and evasively.


Message History

Things that are here:
a +0 short sword; 5 stones; a kobold corpse A hobgoblin comes into view.
The hobgoblin shouts!
A hobgoblin is nearby!
A hobgoblin is nearby!
A gnoll comes into view. It is wielding a +0 flail.
A gnoll comes into view. It is wielding a +0 whip.
A gnoll bouda comes into view. It is wielding a +0 club.
The gnoll bouda shouts!
The gnoll shouts!
You hear a shout! x2
You barely miss the hobgoblin. Your kick misses the hobgoblin.
You peck the hobgoblin.
The hobgoblin is almost dead.
A gnoll comes into view. It is wielding a +0 club.
The gnoll bouda barks out a call to the hunt!
The gnolls pick up the pace!
The hobgoblin hits you but does no damage.
You hit the hobgoblin.
You kill the hobgoblin!
The gnoll bouda gazes fiercely through you!
You feel your attacks grow feeble. The gnoll misses you.
The gnoll attacks as you move away! The gnoll hits you with a +0 flail.
Okay, then.
The gnoll attacks as you move away! The gnoll hits you with a +0 flail.
The gnoll attacks as you move away! The gnoll hits you but does no damage.
The gnoll hits you with a +0 flail. The gnoll attacks as you move away!
The gnoll barely misses you. The gnoll attacks as you move away!
The gnoll hits you with a +0 flail!
* * * LOW HITPOINT WARNING * * *
Your attacks no longer feel as feeble.
The gnoll attacks as you move away! The gnoll hits you with a +0 flail.
* * * LOW HITPOINT WARNING * * *
The gnoll misses you.
As you read the scroll labelled SOM EKKOOTIETEI, it crumbles to dust.
It is a scroll of identify.
m - 2 potions of magic The gnoll throws a throwing net.
The throwing net closely misses you. The gnoll hits you with a +0 flail.
You die...

############
#..........# ###
#.########.# #.#
#.#......#.#
##.######.#g####.#.#
#.....(...@..g##.#.#
##.##########.##.#.#
##....<..#........#.#
#......#.#.###.#..#)#
##.....#.#.###.####.#
#.###...#..........#
#.......#..##g######
#.#####.#. #g# #.#
#.# #.#


You could see 2 gnolls.

Vanquished Creatures
  Jessica (D:3)
  4 adders
  2 dart slugs
  2 orcs
  5 bats
  10 endoplasms
  A giant cockroach (D:1)
  6 goblins
  7 hobgoblins
  2 jackals (D:2)
  9 kobolds
  A quokka (D:1)
  8 ball pythons
  4 frilled lizards
  7 rats
69 creatures vanquished.

Notes
Turn   | Place    | Note
-------+----------+-------------------------------------------
     0 | D:1      | Leeroy the Tengu Reaver began the quest for the Orb.
     0 | D:1      | Reached XP level 1. HP: 12/12 MP: 4/4
    68 | D:1      | Reached XP level 2. HP: 9/17 MP: 6/6
   170 | D:1      | Reached skill level 4 in Long Blades
   423 | D:1      | Reached XP level 3. HP: 16/21 MP: 7/7
   884 | D:2      | Reached skill level 5 in Long Blades
   985 | D:2      | Found a faded altar of an unknown god.
  1068 | D:2      | Reached XP level 4. HP: 15/23 MP: 6/8
  1663 | D:3      | Learned a level 2 spell: Momentum Strike
  1674 | D:3      | Learned a level 3 spell: Hailstorm
  1728 | D:3      | Identified the +1 leather armour "Vastroixi" {rN+ Will+
                  | Str-4 Dex+8}
  1767 | D:3      | Noticed Jessica
  2540 | D:3      | Killed Jessica
  2541 | D:3      | Gained mutation: Your magical nature lets you fly swiftly
                  | and evasively. [Tengu growth]
  2541 | D:3      | Reached XP level 5. HP: 28/30 MP: 4/10
  2587 | D:3      | Found a shimmering blue altar of Sif Muna.
  2831 | D:4      | Slain by a gnoll

Illustrated notes

Levels and vault maps discovered:
D:1:      erik_arrival_blinker_ship, layout_basic, hangedman_glass_teeth
D:2:      layout_rooms, chequers_ecumenical_altar_island
D:3:      layout_basic, tgw_sif
D:4:      old_forge, layout_basic, brannock_xom_greatest_gift,
          grunt_dithmenos_smoke, minmay_temple_entry_ruins, uniq_grinder

Skill      XL: |  1  2  3  4 |
---------------+-------------+-----
Long Blades    | 4 5 |  5.1
Dodging        | 3 |  3.1
Spellcasting   | 3 |  3.0
Fighting       | |  2.0
Conjurations   | |  4.0

Action                   |  1- 3 |  4- 6 || total
-------------------------+-------+-------++-------
Melee: Falchion          |   113 |    55 ||   168
       Kick              |    24 |    16 ||    40
       Peck              |    15 |     4 ||    19
       Punch             |     2 |       ||     2
 Cast: Kiss of Death     |     1 |     1 ||     2
       Momentum Strike   |       |     5 ||     5
  Use: Scroll            |       |     1 ||     1
 Stab: Sleeping          |     1 |     1 ||     2
Armor: Leather armour    |    30 |    22 ||    52
Dodge: Dodged            |    55 |    42 ||    97

Table legend: (Time is in decaauts)
 A = Elapsed time spent in this place.
 B = Non-inter-level travel time spent in this place.
 C = Inter-level travel time spent in this place.
 D = Time resting spent in this place.
 E = Time spent auto-exploring this place.
 F = Levels seen in this place.
 G = Mean time per level.
                   A        B        C        D        E       F      G
               +--------+--------+--------+--------+--------+-----+--------+
         Total |   2824 |   2628 |    196 |      4 |   2049 |   4 |  706.0 |
       Dungeon |   2824 |   2628 |    196 |      4 |   2049 |   4 |  706.0 |
               +--------+--------+--------+--------+--------+-----+--------+

Top non-repeatable levels by time:
     D:3: 1144 daAuts
     D:1: 859 daAuts
     D:2: 714 daAuts
     D:4: 106 daAuts
